Map: Cerulean Fall LE

Players

aGaham

  • Race: Zerg Zerg
  • League: Master
  • Spawn Location: 1:00

Marsman - Winner!

  • Race: Protoss Protoss
  • League: Grandmaster
  • Spawn Location: 7:00

Event: DSCL Nationals 2018 - Finals

VOD

Have the link to the VOD?

Description

Time

  • Played on: Dec. 1, 2018, 10:04 a.m.
  • Length: 13:20

All games in this series

Show
View Real Time Build Order
Export as new Build Order

aGaham Zerg 

Build Orders: Hatch First, Roach Hydra 

Get SALT Encoding   

  12  0:00  Drone  
  13  0:12  Overlord  
  13  0:18  Drone  
  14  0:30  Drone x2  
  14  0:35  Drone  
  17  0:56  Drone x2  
  19  1:06  Hatchery, Drone  
  19  1:10  Extractor  
  18  1:19  Spawning Pool  
  18  1:21  Drone  
  18  1:30  Drone  
  19  1:44  Hatchery  
  18  1:47  Drone  
  18  1:51  Drone  
  20  2:00  Drone  
  21  2:10  Queen, Extractor  
  21  2:13  Metabolic Boost  
  23  2:20  Drone x2  
  25  2:26  Drone  
  26  2:34  Overlord  
  26  2:39  Zergling x2  
  26  2:40  Zergling x2  
  28  2:52  Queen x2  
  32  2:58  Drone  
  32  2:59  Drone x3  
  36  3:11  Drone x2  
  36  3:12  Drone  
  39  3:17  Drone x3  
  42  3:22  Overlord  
  42  3:31  Overlord x2  
  42  3:40  Overlord  
  42  3:41  Drone x5  
  46  3:44  Extractor, Lair  
  46  3:50  Drone x3  
  46  3:53  Spore Crawler  
  46  3:54  Spore Crawler  
  46  3:56  Spore Crawler  
  46  3:59  Drone x2  
  46  4:03  Drone x2  
  46  4:04  Extractor  
  47  4:11  Roach Warren  
  47  4:13  Drone x2  
  48  4:18  Drone  
  48  4:19  Drone x3  
  50  4:32  Drone x6  
  50  4:34  Extractor  
  50  4:36  Drone x4  
  59  4:40  Overlord  
  59  4:45  Drone x3  
  62  4:48  Overlord  
  62  5:02  Roach x5  
  62  5:06  Overlord  
  72  5:10  Roach x3  
  72  5:11  Roach  
  80  5:18  Overlord  
  80  5:19  Overlord x2  
  80  5:25  Evolution Chamber  
  85  5:28  Roach x4  
  85  5:29  Roach  
  85  5:35  Overlord x2  
  89  5:41  Queen, Spore Crawler  
  89  5:42  Spore Crawler  
  89  5:46  Spore Crawler  
  89  5:47  Spore Crawler  
  83  6:00  Zerg Missile Weapons Level 1, Hydralisk Den  
  83  6:01  Drone x7  
  83  6:02  Drone x2  
  85  6:14  Drone x3  
  85  6:15  Drone x2  
  85  6:16  Extractor  
  85  6:17  Extractor  
  87  6:19  Zergling x10  
  87  6:21  Glial Reconstitution  
  87  6:24  Zergling x2  
  87  6:25  Zergling x2  
  94  6:27  Ravager  
  94  6:28  Queen  
  93  6:41  Drone x5  
  98  6:48  Overlord  
  98  6:49  Overlord  
  87  7:09  Drone  
  87  7:10  Drone x7  
  87  7:11  Grooved Spines  
  82  7:23  Hydralisk x4  
  82  7:24  Queen  
  82  7:31  Hydralisk x2  
  82  7:35  Hydralisk x2  
  90  7:40  Pneumatized Carapace  
  90  7:43  Hydralisk  
  88  7:53  Hydralisk  
  86  7:59  Hydralisk x2  
  86  8:03  Overlord x5  
  88  8:15  Overlord  
  88  8:17  Zerg Missile Weapons Level 2  
  88  8:21  Queen x2  
  88  8:22  Hatchery  
  88  8:26  Hydralisk x8  
  105  8:29  Queen  
  109  8:35  Hydralisk  
  109  8:36  Hydralisk  
  109  8:40  Hydralisk x3  
  119  8:42  Overlord x2  
  119  8:47  Muscular Augments  
  115  8:55  Hydralisk x5  
  115  9:02  Hydralisk x2  
  125  9:10  Infestation Pit  
  125  9:11  Roach x3  
  130  9:21  Roach  
  130  9:22  Roach x2  
  136  9:28  Roach  
  136  9:30  Overlord x2  
  138  9:37  Roach  
  138  9:38  Roach x5  
  148  9:46  Swarm Host  
  148  9:50  Hydralisk  
  148  9:51  Hydralisk x6  
  144  10:05  Roach x2  
  144  10:06  Roach x4  
  133  10:26  Hydralisk x6  
  133  10:27  Hydralisk  
  140  10:41  Hatchery  
  139  10:45  Roach x6  
  139  10:46  Roach x3  
  139  10:48  Zerg Ground Armor Level 1  
  155  11:15  Roach x3  
  155  11:16  Overlord x2  
  155  11:17  Overlord  
  152  11:29  Roach x4  
  152  11:30  Roach x4  
  162  11:33  Overlord x3  
  162  11:34  Overlord  
  162  11:41  Spine Crawler  
  162  11:43  Spine Crawler  
  162  11:47  Spine Crawler  
  142  12:04  Hatchery  
  135  12:12  Roach x4  
  135  12:14  Ravager x2  
  96  12:39  Hydralisk x2  
  96  12:40  Hydralisk x2  
  104  12:45  Ravager x3  
Show
View Real Time Build Order
Export as new Build Order

Marsman Protoss - Winner!

Build Orders: 1 Gate Expand, Oracle Opening, Phoenix Opening, Archon Immortal, Mass Phoenix 

Get SALT Encoding   

  12  0:01  Probe  
  13  0:13  Probe  
  14  0:20  Pylon  
  14  0:25  Probe  
  15  0:36  Probe  
  15  0:39  Gateway  
  16  0:45  Probe  
  16  0:49  Assimilator  
  17  0:54  Probe  
  18  1:06  Probe  
  19  1:19  Probe  
  20  1:28  Nexus  
  20  1:35  Cybernetics Core  
  20  1:39  Probe  
  21  1:44  Assimilator  
  21  1:51  Probe  
  22  1:54  Pylon  
  22  2:03  Probe, Adept  
  23  2:15  Probe  
  26  2:24  Stargate  
  26  2:27  Probe  
  27  2:34  Warp Gate  
  27  2:36  Probe  
  27  2:37  Probe  
  27  2:43  Adept  
  31  2:44  Probe  
  31  2:45  Probe  
  33  2:53  Probe  
  33  2:55  Probe  
  35  3:01  Phoenix  
  35  3:05  Probe  
  35  3:07  Probe  
  39  3:15  Pylon  
  39  3:18  Probe  
  39  3:19  Probe  
  41  3:24  Oracle  
  44  3:30  Probe  
  44  3:31  Probe  
  44  3:33  Assimilator  
  46  3:35  Assimilator  
  46  3:41  Gateway  
  46  3:42  Probe  
  46  3:43  Probe  
  48  3:54  Probe  
  48  3:55  Probe, Stargate  
  50  4:04  Pylon  
  50  4:06  Probe  
  50  4:07  Probe, Pylon  
  50  4:08  Phoenix  
  54  4:16  Pylon  
  54  4:22  Probe x2  
  56  4:27  Phoenix  
  56  4:31  Phoenix  
  56  4:34  Pylon  
  58  4:42  Zealot x2  
  58  4:45  Probe  
  65  4:46  Probe  
  65  4:50  Phoenix x2  
  70  5:04  Nexus  
  70  5:09  Pylon  
  70  5:10  Phoenix  
  70  5:11  Probe x2  
  72  5:21  Phoenix  
  76  5:24  Probe x2  
  78  5:29  Shield Battery  
  78  5:34  Robotics Facility  
  78  5:36  Probe  
  79  5:45  Phoenix  
  81  5:57  Robotics Facility  
  81  6:01  Pylon  
  81  6:03  Stalker x2  
  85  6:11  Immortal  
  85  6:15  Probe  
  86  6:19  Pylon  
  86  6:20  Probe x2  
  86  6:21  Twilight Council  
  86  6:24  Pylon  
  92  6:27  Probe, Forge  
  92  6:32  Probe x2  
  95  6:39  Probe, Immortal  
  94  6:41  Immortal  
  94  6:44  Probe  
  95  6:51  Sentry  
  95  6:52  Sentry  
  107  6:56  Protoss Ground Weapons Level 1, Charge  
  103  7:14  Probe x3  
  104  7:15  Assimilator  
  104  7:20  Assimilator  
  104  7:22  Gateway, Zealot x2  
  104  7:23  Gateway  
  104  7:25  Gateway  
  104  7:28  Gateway  
  104  7:32  Probe x2  
  104  7:35  Pylon  
  106  7:39  Gateway  
  106  7:41  Pylon, Gateway  
  106  7:42  Immortal  
  106  7:43  Observer  
  111  7:47  Probe  
  110  8:00  Probe x2  
  110  8:03  Pylon  
  110  8:05  Immortal  
  116  8:07  Probe  
  116  8:12  Probe  
  118  8:13  Shield Battery  
  118  8:15  Photon Cannon  
  118  8:22  Immortal  
  122  8:32  Templar Archives  
  122  8:33  Zealot x5  
  122  8:34  Zealot  
  134  8:36  Protoss Ground Weapons Level 2  
  134  8:38  Probe  
  134  8:39  Pylon  
  135  8:43  Warp Prism  
  135  9:01  Immortal  
  139  9:09  High Templar x5  
  149  9:10  High Templar  
  149  9:11  Zealot x2  
  149  9:14  Archon x2  
  155  9:17  Archon  
  155  9:19  Immortal  
  155  9:23  Probe x2  
  161  9:35  Pylon  
  161  9:36  Nexus  
  161  9:37  Pylon  
  161  9:38  Pylon x2  
  159  9:50  Zealot x5  
  163  9:54  Zealot x3  
  169  10:00  Psionic Storm  
  159  10:11  Zealot x5  
  151  10:16  High Templar  
  151  10:17  High Templar  
  151  10:21  Zealot  
  151  10:28  Immortal x2  
  153  10:36  High Templar  
  153  10:37  High Templar x3  
  153  10:38  Zealot  
  153  10:40  Probe x2  
  153  10:41  Assimilator  
  163  10:45  Assimilator  
  163  10:47  Photon Cannon  
  163  10:50  Photon Cannon  
  163  10:52  Photon Cannon  
  163  10:54  Photon Cannon  
  163  10:55  Zealot x3  
  163  10:56  Shield Battery  
  163  10:58  Shield Battery  
  163  11:02  Zealot  
  165  11:09  High Templar x4  
  173  11:15  Archon x2  
  173  11:31  Zealot x4  
  181  11:41  Zealot x2  
  181  11:42  Zealot x2  
  189  11:51  Fleet Beacon  
  181  11:55  High Templar x2  
  171  12:02  High Templar, Zealot  
  171  12:03  Zealot x2  
  142  12:33  Zealot x5  
  142  12:35  Probe x2  
  142  12:36  Probe  
  141  12:43  Zealot  
  135  12:47  Probe x2  
  111  13:03  Zealot x6  
Tags
 
Add a new tag
Caveats
  • Supply blocks, unpowered buildings, or Contaminate may cause inaccurate times.
  • Supply counts are checked every 10 seconds.